 Dungeon Crawl Stone Soup version 0.30-a0-219-gf2db51d15e (webtiles) character file.

Game seed: 15310124713320829890

1276 bande the Chopper (level 8, 0/49 HPs)
             Began as a Gargoyle Fighter on Oct 8, 2022.
             Was a Believer of Okawaru.
             Slain by a wight
             ... wielding a +3 battleaxe of freezing
              (6 damage)
             ... on level 6 of the Dungeon.
             The game lasted 00:10:21 (5768 turns).

bande the Chopper (Gargoyle Fighter)                Turns: 5768, Time: 00:10:22

Health: 0/49       AC: 19    Str: 20    XL:     8   Next: 54%
Magic:  10/10      EV:  9    Int:  9    God:    Okawaru [**....]
Gold:   242        SH:  5    Dex: 11    Spells: 7/7 levels left

rFire   . . .      SeeInvis .    a - +0 war axe
rCold   . . .      Faith    .    c - +0 buckler
rNeg    + . .      Spirit   .    b - +0 scale mail
rPois   ∞          Reflect  .    o - +0 helmet
rElec   +          Harm     .    d - +0 cloak
rCorr   .          Rampage  .    (no gloves)
Will    .....                    (no boots)
Stlth   ..........               (no amulet)
HPRegen 0.28/turn                h - +4 ring of protection
MPRegen 0.12/turn                (no ring)

@: no status effects
A: sickness immunity, AC +5, negative energy resistance 1, electricity
resistance, torment resistance 1, petrification resistance
a: Renounce Religion, Heroism


You were on level 6 of the Dungeon.
You worshipped Okawaru.
Okawaru was pleased with you.
You visited 1 branch of the dungeon, and saw 6 of its levels.
You also visited: Sewer.

You collected 242 gold pieces.

Inventory:

Hand Weapons
 a - a +0 war axe (weapon)
 k - a +0 flail
Armour
 b - a +0 scale mail (worn)
 c - a +0 buckler (worn)
 d - a +0 cloak (worn)
 o - a +0 helmet (worn)
Jewellery
 h - a +4 ring of protection (left hand)
 n - an amulet of magic regeneration
Wands
 f - a wand of flame (20)
 p - a wand of digging (6)
Scrolls
 j - 6 scrolls of teleportation
 l - 5 scrolls of identify
Potions
 e - a potion of flight
 g - 6 potions of curing
 m - a potion of haste
 q - a potion of degeneration {unknown}


   Skills:
 + Level 5.0 Fighting
 + Level 5.8 Axes
 + Level 5.5 Armour
 - Level 0.3 Stealth
 + Level 4.5 Shields
 * Level 3.5 Invocations
 * Level 3.0 Evocations


You had 7 spell levels left.
You didn't know any spells.
Your spell library contained the following spells:

 Spells                   Type           Power      Damage    Failure   Level
 Ignite Poison            Fire/Tmut/Pois 0%         N/A       99%         3
 Kindle Blastsparks       Fire/Tloc/Air  0%         2d10      99%         3
 Freezing Cloud           Conj/Ice/Air   0%         6-21      100%        5


Dungeon Overview and Level Annotations

Branches:
Dungeon (6/15)             Temple (0/1) D:6           Sewer (visited)

Altars:
Makhleb
Okawaru
Wu Jian


Innate Abilities, Weirdness & Mutations

You are immune to sickness and miasma.
Your stone body is resilient. (AC +5)
You are immune to poison.
You resist negative energy. (rN+)
You are resistant to electric shocks. (rElec)
You are resistant to unholy torment.
You are immune to petrification.


Message History

You slash the wight!
You destroy the wight!
Okawaru accepts your kill.
You barely miss the wight. You hit the wight but do no damage.
The wight barely misses you. The wight hits you but does no damage.
Your Evocations skill increases to level 3!
You hit the wight but do no damage.
The wight is lightly damaged.
You hit the wight but do no damage. You hit the wight.
You block the wight's attack. The wight hits you but does no damage.
You block the wight's attack.
You barely miss the wight.
The wight is lightly damaged.
You completely miss the wight. You slash the wight!
The wight hits you but does no damage.
The wight hits you with a +4 morningstar of freezing!
The wight freezes you.
The wight hits you with a +3 battleaxe of freezing!
* * * LOW HITPOINT WARNING * * *
The wight freezes you.
* * * LOW HITPOINT WARNING * * *
You hit the wight but do no damage.
The wight is lightly damaged.
You hit the wight but do no damage. You hit the wight.
The wight hits you but does no damage. x2; The wight barely misses you.
The wight closely misses you. The wight barely misses you.
The wight hits you with a +4 hand axe!
* * * LOW HITPOINT WARNING * * *
You barely miss the wight.
The wight is lightly damaged.
The wight blocks your attack.
You hit the wight but do no damage. You block the wight's attack.
The wight barely misses you. x2
You slash the wight!
The wight is heavily damaged.
You hit the wight. You slash the wight!
You destroy the wight!
Okawaru accepts your kill. The wight hits you but does no damage.
The wight hits you with a +3 battleaxe of freezing.
You die...

,,,,* #~###### ,,,,* #~#.....
,,,,* #~#..... ,,,,* *#########
######~#..... ,,,,**
*........#####....#~#..)..
,,,,,***..............###........
,,,,,,,,....>....########.......<
,,,,*,,,.......z)#...............
*,,,,,,,.......z@....####........
,,,****,.......).###..###########
*,*****,.........# ##...##[..##
*,* *,,,........####..........##
*,***,**........###............#
,,,,,,*,.........##............#
*******,.........##............#
***** *,.........###..........##
,,,,***,.........# ##...##...##


You could see 2 wights.

Vanquished Creatures
  Sigmund (D:3)
  2 ogres
  The ghost of zishaf the Sneak, an amateur VSBr (D:3)
  3 bullfrogs
  A scorpion (D:5)
  2 wights (D:6)
  A jelly (D:5)
  An orc priest (D:3)
  6 hounds
  Crazy Yiuf (D:3)
  Terence (D:2)
  2 iguanas (D:5)
  Robin (D:2)
  7 adders
  A white imp (D:5)
  2 ufetubi (D:5)
  3 worms
  2 dart slugs (D:1)
  9 orcs
  17 ball pythons
  7 bats
  19 endoplasms
  12 giant cockroaches
  11 goblins
  11 hobgoblins
  A jackal (D:1)
  8 kobolds
  10 quokkas
  8 frilled lizards
  7 rats
158 creatures vanquished.

Notes
Turn   | Place    | Note
-------+----------+-------------------------------------------
     0 | D:1      | bande the Gargoyle Fighter began the quest for the Orb.
     0 | D:1      | Reached XP level 1. HP: 14/14 MP: 1/1
    86 | D:1      | Reached XP level 2. HP: 10/19 MP: 2/2
   512 | D:1      | Reached XP level 3. HP: 24/24 MP: 3/3
   706 | D:2      | Noticed Terence
   718 | D:2      | Killed Terence
   732 | D:2      | Reached XP level 4. HP: 17/29 MP: 4/4
   933 | D:2      | Noticed Robin
   949 | D:2      | Killed Robin
  1260 | D:2      | Found a burning altar of Makhleb.
  1376 | D:2      | Identified the +4 ring mail "Roppet" {Will- Str+5}
  1781 | D:3      | Found a runed translucent door.
  1782 | D:3      | Noticed Crazy Yiuf
  1830 | D:3      | Reached XP level 5. HP: 33/33 MP: 5/5
  2103 | D:3      | Found an iron altar of Okawaru.
  2105 | D:3      | Found a runed translucent door.
  2179 | D:3      | Became a worshipper of Warmaster Okawaru
  2285 | D:3      | Noticed Sigmund
  2328 | D:3      | Killed Sigmund
  2329 | D:3      | Reached skill level 1 in Invocations
  2329 | D:3      | Reached skill level 1 in Evocations
  2329 | D:3      | Reached XP level 6. HP: 10/38 MP: 6/6
  2610 | D:3      | Found a runed translucent door.
  2897 | D:3      | Noticed zishaf's ghost (amateur VSBr)
  2911 | D:3      | Killed zishaf's ghost
  3023 | D:3      | Killed Crazy Yiuf
  3258 | D:4      | Reached XP level 7. HP: 39/44 MP: 8/8
  3626 | D:4      | Reached * piety under Okawaru
  3712 | D:4      | Found an ornate altar of the Wu Jian Council.
  4007 | D:5      | Entered Level 5 of the Dungeon
  4467 | D:5      | Reached skill level 5 in Axes
  4551 | D:5      | Identified the +0 leather armour of Depression {rElec}
  4775 | D:5      | Reached skill level 5 in Armour
  4775 | D:5      | Reached XP level 8. HP: 36/48 MP: 8/10
  4996 | D:6      | Found a glowing drain.
  5007 | Sewer    | Entered a sewer
  5607 | Sewer    | Reached ** piety under Okawaru
  5713 | D:6      | Reached skill level 5 in Fighting
  5768 | D:6      | Slain by a wight

Illustrated notes

Levels and vault maps discovered:
D:1:      minmay_arrival_stair_chambers, layout_loops_ring,
          minmay_small_reverse_x
D:2:      layout_loops_cross, basic_altar, uniq_terence, uniq_robin
D:3:      layout_basic, lemuel_tele_altar, ebering_ghost_sewer_f,
          kennysheep_donut, uniq_crazy_yiuf_cottage, uniq_sigmund
D:4:      layout_basic, general_overflow_altar
D:5:      layout_loops_cross
D:6:      layout_rooms, temple_fountains, portal_sewer_entry_d,
          ebering_ghost_reflecting_pool, guppyfry_shop_venom, uniq_pikel,
          uniq_blork_the_orc

Skill      XL: |  1  2  3  4  5  6  7  8 |
---------------+-------------------------+-----
Axes           | 2 3 4 5 |  5.8
Armour         | 4 5 |  5.5
Fighting       | 4 5 |  5.0
Invocations    | 1 2 3 |  3.5
Evocations     | 1 2 3 |  3.0
Shields        | 4 |  4.5
Stealth        | |  0.3

Action                   |  1- 3 |  4- 6 |  7- 9 || total
-------------------------+-------+-------+-------++-------
Melee: War axe           |    69 |   191 |   370 ||   630
  Use: Scroll            |       |    12 |     2 ||    14
       Potion            |       |     3 |       ||     3
Armor: Scale mail        |    35 |    97 |   246 ||   378
Dodge: Dodged            |    39 |    94 |   200 ||   333
Block: Buckler           |    17 |    29 |    86 ||   132

Table legend: (Time is in decaauts)
 A = Elapsed time spent in this place.
 B = Non-inter-level travel time spent in this place.
 C = Inter-level travel time spent in this place.
 D = Time resting spent in this place.
 E = Time spent auto-exploring this place.
 F = Levels seen in this place.
 G = Mean time per level.
                   A        B        C        D        E       F      G
               +--------+--------+--------+--------+--------+-----+--------+
         Total |   6076 |   5997 |     79 |    528 |   3747 |   7 |  868.0 |
       Dungeon |   5282 |   5203 |     79 |    486 |   3388 |   6 |  880.3 |
         Sewer |    793 |    793 |      0 |     42 |    359 |   1 |  793.0 |
               +--------+--------+--------+--------+--------+-----+--------+

Top non-repeatable levels by time:
     D:3: 1732 daAuts
     D:5: 896 daAuts
     D:4: 856 daAuts
     D:2: 794 daAuts
   Sewer: 793 daAuts
     D:1: 764 daAuts
     D:6: 238 daAuts
